 Dungeon Crawl Stone Soup version 0.19.1 (webtiles) character file.

10073 Angani the Blocker (level 11, -2/100 HPs)
             Began as an Octopode Fighter on Dec 3, 2016.
             Was a Priest of Dithmenos.
             Slain by a vampire (6 damage)
             ... on level 10 of the Dungeon.
             The game lasted 00:29:29 (9767 turns).

Angani the Blocker (Octopode Fighter)               Turns: 9767, Time: 00:29:30

Health: -2/100     AC: 27    Str: 17    XL:     11   Next: 56%
Magic:  12/12      EV:  2    Int: 10    God:    Dithmenos [***...]
Gold:   142        SH: 13    Dex: 14    Spells: 0 memorised, 10 levels left

rFire  + . .     SeeInvis .     H - +3 spear (curse)
rCold  . . .     Gourm    .     b - +1 shield
rNeg   + + +     Faith    .     (helmet currently unavailable)
rPois  +         Spirit   .     t - amulet of regeneration
rElec  .         Reflect  .     w - +2 ring of protection
rCorr  .         Harm     .     y - +4 ring of evasion
MR     .....     NoTele   +     I - ring of protection from fire
Stlth  ++........               E - ring of flight
                                (no ring)
                                (no ring)
                                (no ring)
                                (no ring)

@: tree-form, wreathed by umbra
A: almost no armour, stealthy swim, (amphibious), 8 rings, (constrict 8),
(tentacle spike 0), (large bone plates 0), (camouflage 0), high mp 1, screaming
2, wild magic 1, (gelatinous body 0), evolution 1
a: Shadow Step, Renounce Religion


You were on level 10 of the Dungeon.
You worshipped Dithmenos.
Dithmenos was most pleased with you.
You were not hungry.
You were a tree.
You visited 2 branches of the dungeon, and saw 11 of its levels.
You also visited: Bailey.

You collected 494 gold pieces.
You spent 352 gold pieces at shops.

Inventory:

Hand Weapons
 e - a +5 trident of protection
 s - the +6 dagger of Buawkunt {freeze, rN+}
   (You found it on level 5 of the Dungeon)

   It has been specially enchanted to freeze those struck by it, causing extra
   injury to most foes and up to half again as much damage against particularly
   susceptible opponents.
   It can also slow down cold-blooded creatures.
   It protects you from negative energy.
 F - the +4 falchion of Putrescence {freeze, Stlth+}
   (You found it in a bailey)

   It has been specially enchanted to freeze those struck by it, causing extra
   injury to most foes and up to half again as much damage against particularly
   susceptible opponents.
   It can also slow down cold-blooded creatures.
   It makes you more stealthy.
 G - the +8 broad axe of Uceit {pain, +Rage rPois rF+}
   (You found it in a bailey)

   In the hands of one skilled in necromantic magic, it inflicts extra damage on
   living creatures.
   It protects you from fire.
   It protects you from poison.
   It lets you go berserk.
 H - a cursed +3 spear (weapon)
Armour
 b - a +1 shield (worn)
Magical Staves
 r - an uncursed staff of conjuration
Jewellery
 g - an uncursed amulet of the gourmand
 t - an amulet of regeneration (around neck)
 w - a +2 ring of protection (left branch)
 y - a +4 ring of evasion (right branch)
 A - an uncursed ring of teleportation
 E - a ring of flight (on tentacle)
 I - a ring of protection from fire (on tentacle)
Wands
 N - a wand of lightning (12/15)
Scrolls
 a - a scroll of amnesia
 c - 3 scrolls of random uselessness
 i - a scroll of teleportation
 l - a scroll of fog
 p - 3 scrolls of blinking
 q - a scroll of fear
 u - a scroll of torment {unknown}
 K - a scroll of silence {unknown}
Potions
 f - 3 potions of flight
 k - a potion of might
 m - a potion of lignification
 x - a potion of cancellation
 B - 2 potions of haste
 D - 2 potions of curing {unknown}
 J - 2 potions of cure mutation {unknown}
Miscellaneous
 M - a box of beasts
Comestibles
 d - 7 bread rations
 h - 5 meat rations
 o - 8 slices of pizza
 v - 2 fruits
 z - 3 beef jerkies


   Skills:
 - Level 3.0 Fighting
 + Level 10.5 Polearms
 + Level 10.7 Dodging
 + Level 10.7 Shields


You had 10 spell levels left.
You didn't know any spells.

Dungeon Overview and Level Annotations

Branches:
Dungeon (10/15)            Temple (1/1) D:7             Orc (0/2) D:10
   Lair: D:8-11

Altars:
Dithmenos
Elyvilon
Fedhas
Hepliaklqana
Qazlal
Ru
Sif Muna
Uskayaw
Yredelemnul
Zin
The Shining One

Shops:
D:10 }

Annotations:
D:10 Gastronok


Innate Abilities, Weirdness & Mutations

You cannot wear most types of armour.
You are very stealthy in the water. (Stealth+)
((You are amphibious.))
You can wear up to eight rings at the same time.
((You can use your tentacles to constrict eight enemies at once.))
((Your skin blends seamlessly with your surroundings (Stealth++).))
((Your rubbery body absorbs attacks. (AC +1, EV +1)))
((One of your tentacles bears a nasty spike.))
((You are partially covered in large bone plates. (SH +4)))
You have an increased reservoir of magic. (+10% MP)
You sometimes yell uncontrollably at your foes.
Your spells are a little harder to cast, but a little more powerful.
You evolve.


Message History

* * * LOW HITPOINT WARNING * * *
Something draws strength from your injuries!
Something misses you. Something closely misses you. Something hits you!
* * * LOW HITPOINT WARNING * * *
Something barely misses you. Something completely misses you.
Something closely misses you.
You feel less invigorated.
You feel less confused. Something hits you!
* * * LOW HITPOINT WARNING * * *
Something barely misses you.
You turn into a tree.
Your roots penetrate the ground.
Something hits you.
* * * LOW HITPOINT WARNING * * *
Something bites you but does no damage.
You closely miss something. You hit something. You block something's attack.
Something bites you but does no damage.
You hit something. Something hits you.
You die...

### ... .....
... .. ... .###
#.....##
####.##{.#
......#♣.##
#.......###.#
##..#...(....
#..#.####..#
####..#.......#
#......######.#
#.###..# #..##
#...#


There were no monsters in sight!

Vanquished Creatures
  An orc warlord (Bailey)
  The ghost of TheSquall the Fencer, a novice MiFi of Okawaru (D:9)
  The ghost of Schattenjager the Basher, a novice FoFi of Hepliaklqana (Bailey)
  A hill giant (D:10)
  An orc knight (Bailey)
  A manticore (D:8)
  Grinder (D:3)
  2 vampires (D:9)
  Sigmund (D:2)
  4 yaks (D:9)
  The ghost of TheSquall the Slasher, an amateur MiFi (D:4)
  A human (D:8)
  4 hogs (D:8)
  A hungry ghost (D:9)
  5 orc warriors
  An ice beast (D:5)
  3 sky beasts
  A black bear (D:10)
  3 phantoms
  4 ogres
  2 centaurs
  A big kobold (D:8)
  5 bullfrogs
  A wyvern zombie (D:8)
  11 wights
  3 howler monkeys
  5 crimson imps
  2 bullfrog zombies (D:5)
  4 orc priests
  2 jellies (D:5)
  5 hounds
  10 orc wizards
  Crazy Yiuf (D:3)
  A bullfrog skeleton (D:9)
  A centaur skeleton (D:7)
  Jessica (D:2)
  Terence (D:2)
  4 iguanas
  Natasha (D:2)
  7 worker ants
  3 worker ant zombies (D:5)
  A howler monkey skeleton (D:4)
  5 adders
  2 gnolls (Bailey)
  An ooze (D:5)
  4 worms
  4 dart slugs
  5 leopard geckos
  45 orcs
  5 bats
  10 giant cockroaches
  12 goblins
  12 hobgoblins
  8 jackals
  25 kobolds
  6 quokkas
  3 ball pythons
  8 frilled lizards
  8 rats
  A plant (D:2)
274 creatures vanquished.

Notes
Turn   | Place    | Note
-------+----------+-------------------------------------------
     0 | D:1      | Angani the Octopode Fighter began the quest for the Orb.
     0 | D:1      | Reached XP level 1. HP: 16/16 MP: 1/1
    41 | D:1      | Reached XP level 2. HP: 9/21 MP: 2/2
   419 | D:1      | Reached XP level 3. HP: 26/26 MP: 3/3
   808 | D:2      | Noticed Terence
   813 | D:2      | Killed Terence
   813 | D:2      | Reached XP level 4. HP: 29/31 MP: 4/4
   925 | D:2      | Noticed Sigmund
  1249 | D:3      | Gained mutation: You have an increased reservoir of magic. (+10% MP) [potion of beneficial mutation]
  1274 | D:3      | Found a runed door.
  1338 | D:3      | Noticed Crazy Yiuf
  1348 | D:3      | Killed Crazy Yiuf
  1348 | D:3      | Reached XP level 5. HP: 36/36 MP: 5/5
  1473 | D:3      | Noticed Grinder
  1480 | D:3      | Paralysed by Grinder for 2 turns
  1669 | D:2      | Killed Sigmund
  1669 | D:2      | Reached XP level 6. HP: 42/42 MP: 6/6
  1879 | D:2      | Noticed Natasha
  1884 | D:2      | Killed Natasha
  1953 | D:2      | Noticed Jessica
  1963 | D:2      | Killed Jessica
  2318 | D:3      | Paralysed by Grinder for 4 turns
  2328 | D:3      | Killed Grinder
  2328 | D:3      | Reached skill level 5 in Dodging
  2328 | D:3      | Reached skill level 5 in Shields
  2328 | D:3      | Reached XP level 7. HP: 16/46 MP: 7/7
  3170 | D:4      | Noticed TheSquall's ghost (amateur MiFi)
  3193 | D:4      | Killed TheSquall's ghost
  3193 | D:4      | Reached skill level 5 in Polearms
  3521 | D:4      | Reached XP level 8. HP: 52/52 MP: 8/8
  3893 | D:5      | Entered Level 5 of the Dungeon
  4242 | D:5      | Found a glowing silver altar of Zin.
  4914 | D:5      | Got a steaming dagger
  4915 | D:5      | Identified the +6 dagger of Buawkunt {freeze, rN+} (You found it on level 5 of the Dungeon)
  5405 | D:6      | Reached XP level 9. HP: 51/56 MP: 9/9
  5515 | D:6      | Gained mutation: You evolve. [mutagenic meat]
  5516 | D:6      | Gained mutation: You occasionally shout uncontrollably at your foes. [mutagenic meat]
  5517 | D:6      | Gained mutation: Your spells are a little easier to cast, but a little less powerful. [mutagenic meat]
  5518 | D:6      | Lost mutation: Your spells are a little easier to cast, but a little less powerful. [mutagenic meat]
  5520 | D:6      | Gained mutation: You sometimes yell uncontrollably at your foes. [mutagenic meat]
  6568 | D:7      | Found a staircase to the Ecumenical Temple.
  6618 | Temple   | Entered the Ecumenical Temple
  6627 | Temple   | Became a worshipper of Dithmenos the Shadowed
  6918 | D:8      | Gained mutation: Your spells are a little harder to cast, but a little more powerful. [evolution]
  6975 | D:8      | Noticed a manticore
  6987 | D:8      | Killed a manticore
  6987 | D:8      | Reached XP level 10. HP: 40/63 MP: 11/11
  7105 | D:8      | Reached * piety under Dithmenos
  7185 | D:8      | Found a flagged portal.
  7192 | Bailey   | Entered a bailey
  7337 | Bailey   | Noticed Schattenjager's ghost (novice FoFi)
  7367 | Bailey   | Killed Schattenjager's ghost
  7393 | Bailey   | Noticed an orc warlord
  7453 | Bailey   | Noticed an orc knight
  7486 | Bailey   | Killed an orc knight
  7499 | Bailey   | Found a runed gate.
  7499 | Bailey   | Found a runed gate.
  7519 | Bailey   | Found a runed gate.
  7543 | Bailey   | Reached ** piety under Dithmenos
  7583 | Bailey   | Gained mutation: One of your tentacles bears a spike. [evolution]
  7738 | Bailey   | Killed an orc warlord
  7775 | Bailey   | Got an ivory falchion
  7787 | Bailey   | Got a transparent broad axe
  7790 | Bailey   | Identified the +4 falchion of Putrescence {freeze, Stlth+} (You found it in a bailey)
  7792 | Bailey   | Identified the +8 broad axe of Uceit {pain, +Rage rPois rF+} (You found it in a bailey)
  7796 | Bailey   | Gained mutation: One of your tentacles bears a nasty spike. [potion of beneficial mutation]
  7797 | Bailey   | Gained mutation: Your skin blends seamlessly with your surroundings (Stealth++). [potion of beneficial mutation]
  7876 | D:8      | Found a stormy altar of Qazlal.
  8045 | D:8      | Reached skill level 10 in Dodging
  8045 | D:8      | Reached skill level 10 in Shields
  8051 | D:8      | Reached XP level 11. HP: 64/67 MP: 12/12
  8387 | D:9      | Found a glowing golden altar of the Shining One.
  8390 | D:9      | Found a hide-covered altar of Uskayaw.
  8391 | D:9      | Found a hazy altar of Hepliaklqana.
  8391 | D:9      | Found a blossoming altar of Fedhas.
  8489 | D:9      | Noticed TheSquall's ghost (novice MiFi)
  8533 | D:9      | Killed TheSquall's ghost
  8533 | D:9      | Reached skill level 10 in Polearms
  8865 | D:9      | Reached *** piety under Dithmenos
  9243 | D:9      | Gained mutation: You are partially covered in large bone plates. (SH +4) [evolution]
  9351 | D:10     | Entered Level 10 of the Dungeon
  9396 | D:10     | Noticed Gastronok
  9471 | D:10     | Found a staircase to the Orcish Mines.
  9487 | D:10     | Found Idijoss's Gadget Boutique.
  9500 | D:10     | Bought a box of beasts for 220 gold pieces
  9500 | D:10     | Bought a wand of lightning (8/15) for 132 gold pieces
  9609 | D:10     | Noticed a hill giant
  9641 | D:10     | Killed a hill giant
  9763 | D:10     | HP: 3/67 [something (14)]
  9767 | D:10     | Slain by a vampire

Skill      XL: |  1  2  3  4  5  6  7  8  9 10 11 |
---------------+----------------------------------+-----
Polearms       | 3 4 5 6 8 9 10 | 10.5
Dodging        | 4 5 7 8 10 | 10.7
Shields        | 4 5 7 8 10 | 10.7
Fighting       | |  3.0

Action                   |  1- 3 |  4- 6 |  7- 9 | 10-12 || total
-------------------------+-------+-------+-------+-------++-------
Melee: Trident           |    63 |   119 |   375 |   279 ||   836
       Constrict         |    17 |    25 |    72 |    42 ||   156
       Tentacles         |     5 |    22 |    89 |    85 ||   201
       Kick              |       |       |       |   110 ||   110
       Spear             |       |       |       |   226 ||   226
Evoke: Wand              |       |       |       |     9 ||     9
  Use: Potion            |     1 |     2 |     5 |     7 ||    15
       Scroll            |     9 |     3 |     8 |     7 ||    27
 Stab: Sleeping          |     1 |     1 |    16 |     6 ||    24
       Distracted        |       |     1 |     1 |       ||     2
  Eat: Chunk             |       |     4 |    43 |     1 ||    48
       Pizza             |       |       |     1 |     1 ||     2
Armor: Skin              |     5 |     6 |    17 |    10 ||    38
Dodge: Dodged            |    17 |    30 |   127 |   172 ||   346
Block: Shield            |    20 |    31 |   150 |   178 ||   379
